 Dungeon Crawl Stone Soup version 0.30.1-11-g7821555f0a (webtiles) character file.

Game seed: 12139030944599386597

1834 jagang the Carver (level 9, -3/75 HPs)
             Began as a Barachi Monk on Nov 14, 2023.
             Slain by a shadow imp (5 damage)
             ... on level 6 of the Dungeon.
             The game lasted 00:13:11 (5441 turns).

jagang the Carver (Barachi Monk)                    Turns: 5441, Time: 00:13:11

Health: -3/75      AC: 13    Str: 12    XL:     9   Next: 11%
Magic:  9/9        EV:  4    Int: 11    God:
Gold:   346        SH:  0    Dex: 19    Spells: 8/8 levels left

rFire   . . .        a - +0 falchion
rCold   + . .        d - orb {light}
rNeg    . . .        x - +0 plate armour
rPois   .            (no helmet)
rElec   .            (no cloak)
rCorr   .            (no gloves)
SInv    .            (no boots)
Will    +....        (no amulet) Stlth
                     l - ring of protection from cold
HPRegen 0.32/turn    w - ring of willpower
MPRegen 0.11/turn

%: no passive effects
@: unable to hop, glowing, slow
A: amphibious, slowness 1, strong legs 1, +LOS
a: Hop


You were on level 6 of the Dungeon.
You visited 1 branch of the dungeon, and saw 7 of its levels.
You also visited: Sewer.

You collected 346 gold pieces.

Inventory:

Hand Weapons
 a - a +0 falchion (weapon)
Missiles
 c - 3 datura-tipped darts
 g - 2 poisoned darts (quivered)
 B - 2 throwing nets
Armour
 d - an orb of light (worn)
 q - the +3 leather armour of Badiu {Regen+ Int-4 Dex+2}
   (You found it on level 3 of the Dungeon)

   Int:       It affects your intelligence (-4).
   Dex:       It affects your dexterity (+2).
   Regen:     It increases your rate of health regeneration.
 x - a +0 plate armour (worn)
Jewellery
 l - a ring of protection from cold (left hand)
 w - a ring of willpower (right hand)
 y - a ring of positive energy
Wands
 A - a wand of flame (24)
Scrolls
 f - 3 scrolls of identify {unknown}
 i - 3 scrolls of summoning {unknown}
 j - 2 scrolls of fog {unknown}
 m - a scroll of amnesia {unknown}
 r - a scroll of brand weapon {unknown}
 s - a scroll of enchant armour {unknown}
 u - a scroll of enchant weapon {unknown}
 v - 2 scrolls of teleportation {unknown}
 z - a scroll of poison {unknown}
Potions
 b - 3 potions of flight {unknown}
 e - 3 potions of heal wounds {unknown}
 h - 2 potions of haste
 k - 3 potions of mutation {unknown}
 n - a potion of lignification {unknown}
 o - 2 potions of curing {unknown}
 p - 3 potions of degeneration {unknown}
 t - 3 potions of might {unknown}


   Skills:
 * Level 8.7 Fighting
 * Level 8.8 Long Blades
 - Level 3.0 Throwing
 + Level 6.8 Armour
 - Level 3.2 Dodging


You had 8 spell levels left.
You didn't know any spells.
Your spell library contained the following spells:

 Spells                   Type           Power      Damage    Failure   Level
 Summon Small Mammal      Summ           0%         N/A       100%        1
 Call Canine Familiar     Summ           0%         N/A       100%        3
 Portal Projectile        Hex/Tloc       0%         N/A       100%        3
 Summon Guardian Golem    Hex/Summ       0%         N/A       100%        3
 Tukima's Dance           Hex            0%         N/A       100%        3
 Blade Hands              Tmut           0%         N/A       100%        5


Dungeon Overview and Level Annotations

Branches:
Dungeon (7/15)              Sewer (visited)
 Temple: D:4-7

Altars:
Nemelex Xobeh
Wu Jian
Zin

Shops:
D:4 *   D:7 (

Portals:
Abyss: D:4

Annotations:
D:3 3 runed translucent doors, senjinn's ghost, amateur OpTm
D:4 2 transporters, senjinn's ghost, novice OpTm


Innate Abilities, Weirdness & Mutations

You are amphibious.
You cover ground slowly.
You can hop short distances.
You have an extended range of vision and can be seen from far away.


Message History

You hit the adder.
The adder is heavily wounded.
You feel sick. The adder bites you but does no damage.
The shadow imp hits you but does no damage.
You barely miss the adder.
The adder is heavily wounded.
You feel sick. The adder bites you.
* * * LOW HITPOINT WARNING * * *
The shadow imp hits you.
* * * LOW HITPOINT WARNING * * *
You closely miss the adder.
The adder is heavily wounded.
You feel sick. The adder bites you.
* * * LOW HITPOINT WARNING * * *
The shadow imp barely misses you.
You barely miss the adder.
The adder is heavily wounded.
You feel sick. The adder bites you but does no damage. The shadow imp hits you.
* * * LOW HITPOINT WARNING * * *
You hit the adder.
The adder is heavily wounded.
The adder bites you.
* * * LOW HITPOINT WARNING * * *
The adder completely misses you.
You barely miss the adder.
The adder is heavily wounded.
You feel sick.
You are no longer poisoned.
The shadow imp hits you but does no damage.
The adder barely misses you.
You hit the adder.
You kill the adder!
The shadow imp hits you.
* * * LOW HITPOINT WARNING * * *
You hit the shadow imp.
The shadow imp is severely wounded.
The iguana bites you!
* * * LOW HITPOINT WARNING * * *
The shadow imp hits you.
You die...

#....# . ##[# ## # ##
#....##.###.## (# = .
#....#.##.##.##.###.##.# #
#..#.#.#.#.#.#.#.#.#.# #.#
#.....#..#..#..#..#..#..#
#.##...#...#...#...#...#.
#....#....#....#((..#....
#.#...#.....#...).#$....#
#.#.....#..@5.(#......#....
######.##.......#l......#.......
(.<))).#...............$.......
######.......###############....
######### ####


You could see an iguana (poisoned) and a shadow imp.

Vanquished Creatures
  Grinder (D:3)
  Sigmund (D:2)
  Edmund (D:4)
  4 water moccasins
  Pargi (D:3)
  3 ogres
  3 hounds
  A gnoll bouda (D:5)
  3 iguanas
  A sleepcap (D:5)
  Natasha (thrice) (D:3)
  2 orc wizards (D:7)
  Terence (D:3)
  8 adders
  5 gnolls (D:6)
  An ufetubus (D:4)
  3 worms
  A dart slug (D:5)
  5 orcs
  7 ball pythons
  9 endoplasms
  5 giant cockroaches
  9 goblins
  8 hobgoblins
  4 jackals (D:4)
  3 quokkas
  12 bats
  4 frilled lizards
  7 kobolds
  11 rats
127 creatures vanquished.

Notes
Turn   | Place    | Note
-------+----------+-------------------------------------------
     0 | D:1      | jagang the Barachi Monk began the quest for the Orb.
     0 | D:1      | Reached XP level 1. HP: 18/18 MP: 1/1
   110 | D:1      | Reached skill level 1 in Armour
   110 | D:1      | Reached XP level 2. HP: 16/25 MP: 2/2
   641 | D:2      | Reached XP level 3. HP: 30/30 MP: 3/3
   708 | D:2      | Noticed Sigmund
   718 | D:2      | Killed Sigmund
   719 | D:2      | Reached skill level 5 in Long Blades
   719 | D:2      | Reached skill level 1 in Throwing
   719 | D:2      | Reached XP level 4. HP: 30/38 MP: 4/4
   719 | D:2      | Reached XP level 5. HP: 34/43 MP: 5/5
   903 | D:2      | Reached skill level 5 in Fighting
  1173 | D:3      | Noticed Pargi
  1196 | D:3      | Killed Pargi
  1197 | D:3      | Reached XP level 6. HP: 24/51 MP: 6/6
  1311 | D:3      | Found a runed translucent gate.
  1311 | D:3      | Found a runed translucent gate.
  1312 | D:3      | Found a runed translucent gate.
  1312 | D:3      | Noticed senjinn's ghost (amateur OpTm)
  1389 | D:3      | Noticed Terence
  1406 | D:3      | Killed Terence
  1410 | D:3      | Identified the +3 leather armour of Badiu {Regen+ Int-4
                  | Dex+2}
  1519 | D:3      | Found a glowing drain.
  1523 | Sewer    | Entered a sewer
  1558 | Sewer    | Noticed a water moccasin
  1577 | Sewer    | Killed a water moccasin
  1578 | Sewer    | Reached XP level 7. HP: 35/57 MP: 7/7
  1718 | D:3      | Noticed Grinder
  1728 | D:3      | Paralysed by Grinder for 2 turns
  1737 | D:3      | Killed Grinder
  1869 | D:3      | Noticed Natasha
  1880 | D:3      | Killed Natasha
  1881 | D:3      | Reached skill level 5 in Armour
  2177 | D:3      | Noticed Natasha
  2186 | D:3      | Killed Natasha
  2595 | D:3      | Noticed Natasha
  2601 | D:3      | Killed Natasha
  2652 | D:4      | You fall into a shaft and drop 3 floors!
  2652 | D:7      | Found an ornate altar of the Wu Jian Council.
  2715 | D:7      | Reached XP level 8. HP: 33/65 MP: 8/8
  2785 | D:7      | Found Ehutem's Antique Weapon Shoppe.
  2785 | D:7      | Noticed a shadow
  2785 | D:7      | Noticed a wyvern
  2785 | D:7      | Noticed a wyvern
  2785 | D:7      | Noticed a wyvern
  2962 | D:5      | Entered Level 5 of the Dungeon
  3488 | D:4      | Found a transporter.
  3607 | D:4      | Found the +8 demon trident "Rift" {distort, reach+}
  3615 | D:4      | Noticed senjinn's ghost (novice OpTm)
  3626 | D:4      | Found a transporter.
  3650 | D:4      | Noticed Edmund
  3664 | D:4      | Killed Edmund
  3859 | D:4      | Found a one-way gate to the infinite horrors of the Abyss.
  4028 | D:4      | Found Gyone's Overcharged Wands.
  4538 | D:5      | Found a large runed translucent door.
  4538 | D:5      | Found a large runed translucent door.
  5044 | D:5      | Found a sparkling altar of Nemelex Xobeh.
  5056 | D:5      | Found a glowing silver altar of Zin.
  5132 | D:6      | Reached XP level 9. HP: 44/75 MP: 9/9
  5441 | D:6      | HP: 2/75 [iguana (7)]
  5441 | D:6      | Slain by a shadow imp

Illustrated notes

Levels and vault maps discovered:
D:1:      minmay_arrival_doors, layout_rooms
D:2:      layout_rooms, minmay_box_of_dots, uniq_sigmund
D:3:      layout_loops_ring, gup_sewer_entry_spiral, gammafunk_ghost_split,
          uniq_grinder, uniq_terence, uniq_pargi, uniq_natasha
D:4:      layout_basic, gammafunk_ghost_abyssal_escape,
          chequers_serial_rivers_large_a, nicolae_shop_overcharged_wands,
          uniq_edmund
D:5:      layout_loops_cross, jmf_multi_god_temple2
D:6:      layout_loops_cross, lemuel_doored_altar, nrook_uturn,
          minmay_misc_feat_hallway, amcnicky_mini_corridor_feature,
          minmay_increasing_density, uniq_eustachio
D:7:      layout_loops_corners, tso_metal_star, nicolae_wu_jian_wuxing_cycle,
          minmay_temple_entry_proselytizer, kennysheep_donut,
          kennysheep_windowed_goal

Skill      XL: |  1  2  3  4  5  6  7  8 |
---------------+-------------------------+-----
Armour         | 1 3 4 5 6 |  6.8
Long Blades    | 4 5 6 8 |  8.8
Fighting       | 4 5 6 8 |  8.7
Throwing       | 1 2 3 |  3.0
Dodging        | |  3.2

Action                     |  1- 3 |  4- 6 |  7- 9 || total
---------------------------+-------+-------+-------++-------
  Melee: Falchion          |    64 |   125 |   272 ||   461
  Throw: Dart              |       |       |     6 ||     6
Ability: Hop               |       |       |     2 ||     2
    Use: Potion            |       |       |     1 ||     1
 Armour: Robe              |     5 |       |       ||     5
         Ring mail         |     5 |    33 |       ||    38
         Leather armour    |       |    25 |    20 ||    45
         Plate armour      |       |       |   165 ||   165
  Dodge: Dodged            |    35 |   108 |    96 ||   239
